 Dungeon Crawl Stone Soup version 0.27-a0-1256-gced786f65e (webtiles) character file.

Game seed: 8121030830879431126

1 freelancePsychic the Grave Robber (level 1, 0/15 HPs)
             Began as a Demonspawn Wanderer on June 10, 2021.
             Slain by a hobgoblin (5 damage)
             ... on level 1 of the Dungeon.
             The game lasted 00:00:23 (36 turns).

freelancePsychic the Grave Robber (DsWn)              Turns: 36, Time: 00:00:24

Health: 0/15       AC:  2    Str: 15    XL:     1   Next: 16%
Magic:  1/1        EV: 12    Int: 10    God:
Gold:   0          SH:  0    Dex: 12    Spells: 0/0 levels left

rFire    . . .     SeeInvis .   a - +0 quarterstaff
rCold    . . .     Faith    .   (shield currently unavailable)
rNeg     . . .     Spirit   .   d - +0 robe
rPois    .         Reflect  .   (no helmet)
rElec    .         Harm     .   (no cloak)
rCorr    .         Rampage  .   (no gloves)
Will     .....                  (no boots)
Stlth    +.........             (no amulet)
HPRegen  0.05/turn              (no ring)
MPRegen  0.07/turn              (no ring)

@: no status effects
A: no striking features
a: no special abilities


You were on level 1 of the Dungeon.
You visited 1 branch of the dungeon, and saw 1 of its levels.

Inventory:

Hand Weapons
 a - a +0 quarterstaff (weapon)
Armour
 d - a +0 robe (worn)
Scrolls
 b - a scroll of teleportation {unknown}
Potions
 c - a potion of curing {@q1}


   Skills:
 + Level 1.0 Fighting
 - Level 1.7 Long Blades
 + Level 1.8 Dodging
 - Level 1.0 Shields
 + Level 2.2 Necromancy
 - Level 1.0 Transmutations
 - Level 1.0 Evocations


You couldn't memorise any spells.
You didn't know any spells.
Your spell library contained the following spells:

 Spells                   Type           Power      Damage    Failure   Level
 Animate Skeleton         Necr           8%         N/A       16%         1
 Pain                     Necr           16%        1d4       16%         1
 Vampiric Draining        Necr           2%         2d6       41%         3
 Animate Dead             Necr           2%         N/A       83%         4
 Agony                    Necr           4%         N/A       99%         5


Dungeon Overview and Level Annotations

Branches:
Dungeon (1/15)

Altars:


Message History

The hobgoblin hits you but does no damage.
You hit the hobgoblin but do no damage. The hobgoblin barely misses you.
You barely miss the hobgoblin. The hobgoblin barely misses you.
The hobgoblin closely misses you.
You completely miss the hobgoblin. The hobgoblin completely misses you.
You closely miss the hobgoblin. The hobgoblin closely misses you.
The quokka bites you.
You hit the hobgoblin but do no damage.
The hobgoblin hits you but does no damage.
The quokka bites you. x2; The hobgoblin closely misses you.
You are too injured to fight recklessly!
You are too injured to fight recklessly!
You are too injured to fight recklessly!
You are too injured to fight recklessly!
You are too injured to fight recklessly!
You are too injured to fight recklessly!
You are too injured to fight recklessly!
You are too injured to fight recklessly!
You are too injured to fight recklessly!
You are too injured to fight recklessly!
You are too injured to fight recklessly!
You are too injured to fight recklessly!
You are too injured to fight recklessly!
You are too injured to fight recklessly!
You are too injured to fight recklessly!
You are too injured to fight recklessly!
You are too injured to fight recklessly!
You are too injured to fight recklessly!
You sock the quokka!
You kill the quokka!
You hit the hobgoblin.
The hobgoblin is severely wounded.
The hobgoblin hits you.
You closely miss the hobgoblin.
The hobgoblin is severely wounded.
The hobgoblin misses you.
You barely miss the hobgoblin.
The hobgoblin is severely wounded.
The hobgoblin hits you.
You die...

.........# .........#
.........# .........#
.........# ..$......#
.........# .#
#+#######g# ...
#.#######@####### ##.##
##...........!....
#....##...#.#....#######
..≈#....#.....≈#.#
≈##..≈##....#.....#
....#§..........#.#
.#..#...#...§≈....#
.......#...≈≈≈§#.##
....#.....≈≈≈###.#


You could see a hobgoblin.

Vanquished Creatures
  A quokka (D:1)
1 creature vanquished.

Notes
Turn   | Place    | Note
-------+----------+-------------------------------------------
     0 | D:1      | freelancePsychic the Demonspawn Wanderer began the quest
                  | for the Orb.
     0 | D:1      | freelancePsychic set off with the following items: a +0
                  | quarterstaff, a potion of curing {@q1}, a +0 robe; and the
                  | following spells available to memorise: Animate Skeleton,
                  | Pain, Vampiric Draining, Animate Dead, Agony
     0 | D:1      | Reached XP level 1. HP: 15/15 MP: 1/1
    36 | D:1      | Slain by a hobgoblin

Illustrated notes

Levels and vault maps discovered:
D:1:      denvon_arrival_hothouse, layout_basic

Action                   || total
-------------------------++-------
Melee: Quarterstaff      ||    10
Armor: Robe              ||     2
Dodge: Dodged            ||     8

Table legend: (Time is in decaauts)
 A = Elapsed time spent in this place.
 B = Non-inter-level travel time spent in this place.
 C = Inter-level travel time spent in this place.
 D = Time resting spent in this place.
 E = Time spent auto-exploring this place.
 F = Levels seen in this place.
 G = Mean time per level.
                   A        B        C        D        E       F      G
               +--------+--------+--------+--------+--------+-----+--------+
         Total |     38 |     38 |      0 |      0 |     18 |   1 |   38.0 |
       Dungeon |     38 |     38 |      0 |      0 |     18 |   1 |   38.0 |
               +--------+--------+--------+--------+--------+-----+--------+

Top non-repeatable levels by time:
     D:1: 38 daAuts
